 Dungeon Crawl Stone Soup version 0.21.1-1-g345015f (webtiles) character file.

100 goulibeur the Unweaver (level 4, -1/35 HPs)
             Began as a Demonspawn Abyssal Knight on July 24, 2018.
             Was a Follower of Lugonu.
             Slain by an orc
             ... wielding a +0 mace
              (3 damage)
             ... on level 2 of the Dungeon.
             The game lasted 00:05:38 (1998 turns).

goulibeur the Unweaver (Demonspawn Abyssal Knight)  Turns: 1998, Time: 00:05:38

Health: -1/35      AC:  8    Str: 13    XL:     4   Next: 46%
Magic:  7/7        EV: 13    Int: 13    God:    Lugonu [*.....]
Gold:   110        SH:  0    Dex: 13    Spells: 3/3 levels left

rFire    . . .     SeeInvis .   a - +1 short sword
rCold    + + .     Gourm    .   (no shield)
rNeg     . . .     Faith    .   k - +2 ring mail {rC+}
rPois    .         Spirit   .   (no helmet)
rElec    .         Reflect  .   (no cloak)
rCorr    .         Harm     .   (no gloves)
MR       .....                  i - +0 pair of boots
Stlth    +.........             (no amulet)
HPRegen  0.11/turn              (no ring)
MPRegen  0.10/turn              (no ring)

@: no status effects
A: repulsion field 1, cold resistance 1, rot immunity
a: Depart the Abyss, Renounce Religion


You were on level 2 of the Dungeon.
You worshipped Lugonu.
Lugonu was aware of your devotion.
You were hungry.

You visited 1 branch of the dungeon, and saw 2 of its levels.
You visited the Abyss 1 time.

You collected 110 gold pieces.

Inventory:

Hand Weapons
 a - a +1 short sword (weapon)
Armour
 b - a +0 leather armour
 f - a +0 scale mail
 i - a +0 pair of boots (worn)
 k - a +2 ring mail of cold resistance (worn)
Jewellery
 e - a cursed ring of teleportation {unknown}
Scrolls
 d - a scroll of fear {unknown}
 j - a scroll of magic mapping {unknown}
Potions
 h - a potion of mutation {unknown}
Comestibles
 c - 5 rations


   Skills:
 + Level 3.5 Fighting
 - Level 1.7 Short Blades
 + Level 2.4 Armour
 + Level 1.8 Dodging
 * Level 4.3 Invocations


You had 3 spell levels left.
You didn't know any spells.

Dungeon Overview and Level Annotations

Branches:
Dungeon (2/15)

Altars:

Annotations:
D:2 1 runed door


Innate Abilities, Weirdness & Mutations

You are surrounded by a mild repulsion field. (EV +2)
Your flesh is cold resistant. (rC+)
You are immune to rotting.


Message History

You kill the orc!
Lugonu accepts your kill.
You hit the orc.
The orc is heavily wounded.
The orc hits you but does no damage.
You hit the orc.
You kill the orc!
Lugonu accepts your kill.
You closely miss the orc. The orc hits you but does no damage.
You barely miss the orc. The orc hits you with a mace.
* * * LOW HITPOINT WARNING * * *
You barely miss the orc. The orc barely misses you.
You hit the orc but do no damage. The orc completely misses you.
You barely miss the orc. The orc hits you but does no damage.
You hit the orc.
The orc is moderately wounded.
You hit the orc.
The orc is severely wounded.
The orc hits you with a mace.
You die...

##############
#....)..o@...#
#.##########.###
#..o.o.o.......#
#.#...###..###.#
##### #.#........#
... ....#
#[#...###..# ###
###.# #.##.#......
#.# #......##.##.
###.####.##...#...#.#


You could see an orc.

Vanquished Creatures
  Natasha (D:2)
  An adder (D:2)
  A worm (D:2)
  A dart slug (D:2)
  A leopard gecko (D:2)
  9 orcs (D:2)
  9 bats
  5 giant cockroaches
  9 goblins
  3 hobgoblins
  4 frilled lizards
  2 kobolds (D:1)
  3 rats
49 creatures vanquished.

Notes
Turn   | Place    | Note
-------+----------+-------------------------------------------
     0 | Abyss:1  | goulibeur the Demonspawn Abyssal Knight began the quest for the Orb.
     0 | Abyss:1  | Reached XP level 1. HP: 18/18 MP: 2/2
     6 | Abyss:1  | Found a corrupted altar of Lugonu.
    24 | Abyss:1  | Found a corrupted altar of Lugonu.
    42 | Abyss:1  | Found a corrupted altar of Lugonu.
   102 | Abyss:1  | Found a corrupted altar of Lugonu.
   106 | Abyss:1  | Found a corrupted altar of Lugonu.
   125 | Abyss:1  | Noticed an apocalypse crab
   126 | D:1      | Escaped the Abyss
   133 | D:1      | Noticed a crocodile
   133 | D:1      | Noticed a black mamba
   134 | D:1      | Noticed a wyvern
   134 | D:1      | Noticed a swamp worm
   167 | D:1      | Reached skill level 1 in Dodging
   526 | D:1      | Gained mutation: Your flesh is cold resistant. (rC+) [demonic ancestry]
   526 | D:1      | Reached XP level 2. HP: 23/24 MP: 4/4
   645 | D:1      | Reached skill level 3 in Invocations
   766 | D:1      | Reached * piety under Lugonu
  1215 | D:2      | Gained mutation: You are surrounded by a mild repulsion field. (EV +2) [demonic ancestry]
  1215 | D:2      | Reached XP level 3. HP: 29/29 MP: 5/5
  1800 | D:2      | Found a runed door.
  1832 | D:2      | Noticed Natasha
  1850 | D:2      | Gained mutation: You are immune to rotting. [demonic ancestry]
  1850 | D:2      | Reached XP level 4. HP: 30/35 MP: 6/6
  1864 | D:2      | Killed Natasha
  1864 | D:2      | Reached skill level 4 in Invocations
  1998 | D:2      | Slain by an orc

Skill      XL: |  1  2  3  4 |
---------------+-------------+-----
Dodging        | 1 |  1.8
Armour         | 2 |  2.4
Invocations    | 3 4 |  4.3
Fighting       | |  3.5
Short Blades   | |  1.7

Action                   |  1- 3 |  4- 6 || total
-------------------------+-------+-------++-------
Melee: Short sword       |   181 |    46 ||   227
Invok: Depart the Abyss  |     1 |       ||     1
  Eat: Chunk             |     3 |       ||     3
Armor: Leather armour    |    37 |       ||    37
       Scale mail        |    38 |       ||    38
       Ring mail         |     7 |    12 ||    19
Dodge: Dodged            |   137 |    28 ||   165
